 Dungeon Crawl Stone Soup version 0.28-a0-1412-gf95308ed99 (webtiles) character file.

Game seed: 9826021838345977775

677 kae the Changer (level 7, 0/62 HPs)
             Began as a Purple Draconian Transmuter on Jan 6, 2022.
             Slain by a wyvern zombie (6 damage)
             ... in an ossuary.
             The game lasted 00:04:28 (2899 turns).

kae the Changer (Purple Draconian Transmuter)       Turns: 2899, Time: 00:04:28

Health: 0/62       AC:  6    Str: 12    XL:     7   Next: 33%
Magic:  12/14      EV: 10    Int: 15    God:
Gold:   117        SH:  0    Dex: 12    Spells: 7/15 levels left

rFire   x . .      SeeInvis .     - Unarmed
rCold   + + +      Faith    .   (shield currently unavailable)
rNeg    . . .      Spirit   .   (armour unavailable)
rPois   +          Reflect  .   (helmet currently unavailable)
rElec   .          Harm     .   (cloak currently unavailable)
rCorr   .          Rampage  .   (gloves currently unavailable)
Will    ++...                   (boots currently unavailable)
Stlth   +.........              (no amulet)
HPRegen 0.20/turn               (no ring)
MPRegen 0.14/turn               (no ring)

@: ice-form
A: freezing attack, amphibious, boosted hp, (breathe power), AC +6, large,
unfitting armour, (cold-blooded), strong-willed 1, subdued magic 1
a: End Transformation


You were in an ossuary.
You were a creature of crystalline ice.
You visited 1 branch of the dungeon, and saw 4 of its levels.
You also visited: Ossuary.

You collected 117 gold pieces.

Inventory:

Wands
 a - a wand of mindburst (15)
Scrolls
 e - a scroll of amnesia
Potions
 c - 2 potions of flight {unknown}
 d - a potion of degeneration {unknown}


   Skills:
 - Level 1.1 Fighting
 - Level 1.7 Dodging
 - Level 3.0 Unarmed Combat
 + Level 4.8 Spellcasting
 * Level 5.9 Transmutations
 * Level 3.7 Ice Magic
 - Level 1.0 Poison Magic


You had 7 spell levels left.
You knew the following spells:

 Your Spells              Type           Power      Damage    Failure   Level
a - Beastly Appendage     Tmut           32%        N/A       1%          1
b - Spider Form           Tmut/Pois      10%        N/A       10%         3
c - Ice Form              Ice/Tmut       14%        N/A       19%         4

Your spell library contained the following spells:

 Spells                   Type           Power      Damage    Failure   Level
 Wereblood                Tmut           16%        N/A       1%          2


Dungeon Overview and Level Annotations

Branches:
Dungeon (5/15)            Ossuary (1/1)
 Temple: D:4-7

Altars:


Innate Abilities, Weirdness & Mutations

You are a creature of crystalline ice.
You have a powerful freezing melee attack.
You are amphibious.
Your maximum health is increased.
Your armour is entirely melded.
You are incapable of wielding weapons or throwing items.
((You can breathe bolts of dispelling energy.))
((Your rich purple scales are hard. (AC +6)))
You cannot fit into any form of body armour.
((You are cold-blooded and may be slowed by cold attacks.))
You are strong-willed. (Will+)
Your spells are a little easier to cast, but a little less powerful.


Message History

You punch the killer bee zombie!
You destroy the killer bee zombie!
The bullfrog zombie hits you. The bullfrog zombie barely misses you.
You punch the bullfrog zombie!
The bullfrog zombie is moderately damaged.
The bullfrog zombie hits you but does no damage.
A mummy comes into view.
You punch the bullfrog zombie!
The bullfrog zombie is severely damaged.
The bullfrog zombie closely misses you.
You punch the bullfrog zombie!
The bullfrog zombie is almost destroyed.
The bullfrog zombie hits you but does no damage.
You hit the bullfrog zombie.
The bullfrog zombie is almost destroyed.
The bullfrog zombie barely misses you. The bullfrog zombie closely misses you.
You punch the bullfrog zombie!
You destroy the bullfrog zombie!
The wyvern zombie closely misses you.
You punch the wyvern zombie!
The wyvern zombie is lightly damaged.
The wyvern zombie bites you! The wyvern zombie bites you.
You are too injured to fight recklessly!
You are too injured to fight recklessly!
You are too injured to fight recklessly!
You are too injured to fight recklessly!
You are too injured to fight recklessly!
You hit the wyvern zombie but do no damage.
The wyvern zombie is lightly damaged.
The wyvern zombie bites you.
You hit the wyvern zombie.
The wyvern zombie is moderately damaged.
The wyvern zombie bites you!
* * * LOW HITPOINT WARNING * * *
You hit the wyvern zombie but do no damage.
The wyvern zombie is moderately damaged.
The wyvern zombie bites you!
* * * LOW HITPOINT WARNING * * *
The wyvern zombie bites you.
You die...

#.# #'#
..' ###.#
?#.'
'.###
#M'.#
###.###
#.'ZY.#
#####.###
#∩..#.'.#
#.∩.'.###
#...#.'.#
#####.###
..+ #+#


You could see a mummy and a wyvern zombie.

Vanquished Creatures
  A kobold brigand (D:5)
  A water moccasin zombie (D:5)
  A wyvern zombie (Ossuary)
  4 bullfrog zombies
  A centaur zombie (Ossuary)
  2 orc priests (D:5)
  Jessica (D:2)
  An orc wizard (D:3)
  3 killer bee zombies
  4 mummies (Ossuary)
  A howler monkey zombie (Ossuary)
  A gnoll (D:1)
  An adder (D:2)
  2 adder skeletons (D:5)
  3 worms
  2 dart slugs (D:2)
  3 orcs
  2 ball pythons
  4 bats
  2 endoplasms (D:1)
  3 giant cockroaches
  8 goblins
  6 hobgoblins
  8 kobolds
  4 quokkas
  9 rats
78 creatures vanquished.

Vanquished Creatures (others)
  3 withered plants (Ossuary)
3 creatures vanquished.

Grand Total: 81 creatures vanquished

Notes
Turn   | Place    | Note
-------+----------+-------------------------------------------
     0 | D:1      | kae the Draconian Transmuter began the quest for the Orb.
     0 | D:1      | Reached XP level 1. HP: 16/16 MP: 3/3
   343 | D:1      | Reached XP level 2. HP: 18/23 MP: 3/5
   452 | D:1      | Gained mutation: You are strong-willed. (Will+) [potion of
                  | mutation]
   452 | D:1      | Gained mutation: Your spells are a little easier to cast,
                  | but a little less powerful. [potion of mutation]
   769 | D:1      | Found a faded altar of an unknown god.
   816 | D:1      | Reached skill level 3 in Transmutations
   816 | D:1      | Reached XP level 3. HP: 24/28 MP: 4/6
   820 | D:1      | Learned a level 3 spell: Spider Form
  1155 | D:2      | Noticed Jessica
  1172 | D:2      | Killed Jessica
  1173 | D:2      | Reached XP level 4. HP: 25/35 MP: 1/8
  1546 | D:2      | Reached skill level 4 in Transmutations
  1658 | D:2      | Identified the +1 whip "Piset" {antimagic, *Corrode *Slow
                  | +Blink Int+8 Stlth+}
  2067 | D:3      | Reached XP level 5. HP: 20/40 MP: 6/9
  2221 | D:3      | Learned a level 4 spell: Ice Form
  2310 | D:3      | You fall into a shaft and drop 2 floors!
  2310 | D:5      | Entered Level 5 of the Dungeon
  2346 | D:5      | Reached skill level 1 in Ice Magic
  2346 | D:5      | Reached skill level 1 in Poison Magic
  2371 | D:5      | Reached XP level 6. HP: 36/47 MP: 2/11
  2382 | D:5      | Reached skill level 5 in Transmutations
  2581 | D:5      | Noticed an ice beast
  2676 | D:5      | Found a sand-covered staircase.
  2683 | Ossuary  | Entered an ossuary
  2753 | Ossuary  | Your scales start taking on a rich purple colour.
  2753 | Ossuary  | Reached XP level 7. HP: 38/52 MP: 5/13
  2899 | Ossuary  | Slain by a wyvern zombie

Illustrated notes

Levels and vault maps discovered:
D:1:      onia_arrival_mini_spirals, layout_rooms, basic_ecumenical_altar
D:2:      layout_basic, uniq_jessica
D:3:      layout_rooms
D:5:      layout_loops_cross, zin_purify, chequers_ossuary_entry_cave,
          uniq_edmund
Ossuary:  ossuary_zaba_flooded

Skill      XL: |  1  2  3  4  5  6 |
---------------+-------------------+-----
Transmutations | 3 4 5 |  5.9
Spellcasting   | 3 4 |  4.8
Ice Magic      | 1 3 |  3.7
Poison Magic   | 1 |  1.0
Fighting       | |  1.1
Dodging        | |  1.7
Unarmed Combat | |  3.0

Action                   |  1- 3 |  4- 6 |  7- 9 || total
-------------------------+-------+-------+-------++-------
Melee: Unarmed           |    80 |   141 |    24 ||   245
       Headbutt          |     8 |    21 |       ||    29
       Kick              |    11 |    17 |       ||    28
       Tailslap          |     6 |     7 |       ||    13
       Punch             |       |     3 |       ||     3
 Cast: Beastly Appendage |    17 |    18 |       ||    35
       Spider Form       |     1 |     3 |       ||     4
       Ice Form          |       |     2 |     1 ||     3
  Use: Scroll            |     1 |     2 |       ||     3
       Potion            |     1 |     2 |       ||     3
Armor: Skin              |    16 |    30 |     6 ||    52
Dodge: Dodged            |    66 |    87 |    18 ||   171

Table legend: (Time is in decaauts)
 A = Elapsed time spent in this place.
 B = Non-inter-level travel time spent in this place.
 C = Inter-level travel time spent in this place.
 D = Time resting spent in this place.
 E = Time spent auto-exploring this place.
 F = Levels seen in this place.
 G = Mean time per level.
                   A        B        C        D        E       F      G
               +--------+--------+--------+--------+--------+-----+--------+
         Total |   2900 |   2862 |     38 |    257 |   1999 |   5 |  580.0 |
       Dungeon |   2687 |   2649 |     38 |    227 |   1881 |   4 |  671.8 |
       Ossuary |    212 |    212 |      0 |     30 |    118 |   1 |  212.0 |
               +--------+--------+--------+--------+--------+-----+--------+

Top non-repeatable levels by time:
     D:1: 1098 daAuts
     D:2: 838 daAuts
     D:5: 383 daAuts
     D:3: 366 daAuts
 Ossuary: 212 daAuts
